 Dungeon Crawl Stone Soup version 0.31.0-11-ge490571c62 (webtiles) character file.

Game seed: 17088796465302888650

24 qw the Shooter (level 2, 0/16 HPs)
             Began as a Deep Elf Hunter on Feb 4, 2024.
             Slain by a jackal (3 damage)
             ... on level 2 of the Dungeon.
             The game lasted 00:00:04 (759 turns).

qw the Shooter (Deep Elf Hunter)                     Turns: 759, Time: 00:00:04

Health: 0/16       AC:  5    Str:  8    XL:     2   Next: 79%
Magic:  4/4        EV: 10    Int: 13    God:
Gold:   53         SH:  0    Dex: 18    Spells: 1/1 levels left

rFire   + . .        a - +0 shortbow
rCold   . . .        (shield currently unavailable)
rNeg    . . .        f - +0 ring mail
rPois   .            (no helmet)
rElec   .            (no cloak)
rCorr   .            (no gloves)
SInv    .            (no boots)
Will    .....        (no amulet)
Stlth   +            d - ring of protection from fire
HPRegen 0.22/turn    (no ring)
MPRegen 0.09/turn

%: no passive effects
@: no status effects
A: no striking features
a: no special abilities


You were on level 2 of the Dungeon.
You visited 1 branch of the dungeon, and saw 2 of its levels.

You collected 53 gold pieces.


   Skills:
 - Level 1.5 Fighting
 + Level 6.5 Ranged Weapons
 - Level 2.4 Dodging
 - Level 1.2 Stealth


You had one spell level left.
You didn't know any spells.
Your spell library was empty.

Inventory:

Hand Weapons
 a - a +0 shortbow (weapon)
Armour
 f - a +0 ring mail (worn)
Jewellery
 d - a ring of protection from fire (left hand)
Potions
 i - a potion of might

Dungeon Overview and Level Annotations

Branches:
Dungeon (2/15)

Altars:


Message History

The ball python bites you but does no damage.
The ball python constricts you.
You shoot an arrow.
The arrow barely misses the ball python.
The kobold shouts!
The jackal bites you. The jackal barely misses you. x2
The ball python bites you. The ball python constricts you.
You shoot an arrow. The arrow hits the ball python!
You kill the ball python!
You hear a bark!
The bat hits you but does no damage. The jackal closely misses you.
The jackal bites you but does no damage.
A jackal comes into view.
The jackal bites you but does no damage.
The jackal completely misses you.
You shoot an arrow. The arrow barely misses the jackal.
The arrow hits the plant.
The plant begins to die.
The plant is lightly damaged.
The bat closely misses you. The jackal closely misses you.
The goblin barely misses you. The jackal misses you.
The goblin closely misses you.
The jackal bites you but does no damage.
You shoot an arrow. The arrow hits the jackal!
You kill the jackal!
A bat comes into view.
The jackal bites you but does no damage.
The jackal barely misses you. The goblin hits you but does no damage.
The jackal closely misses you.
You shoot an arrow.
The arrow hits the jackal but does no damage.
The jackal barely misses you.
The jackal bites you but does no damage.
The jackal closely misses you. The goblin hits you but does no damage.
The jackal barely misses you. The jackal completely misses you.
You shoot an arrow. The arrow misses the jackal.
The arrow misses the bat.
The arrow hits the plant.
The plant is lightly damaged.
A nearby plant withers and dies.
The jackal closely misses you. The jackal bites you.
You die...

.......
.......
..$....
.......
.......##
.......b#
......gh#
.....Kh@#
~~.7.hh##


~P~~Pbh ~~~~~P. ~~.~~.. ~~~~~.. ~.~~P.. P.#7#.. You could see 5 jackals, a
goblin, 2 bats and a kobold.

Vanquished Creatures
  A dart slug (D:1)
  4 goblins (D:1)
  A hobgoblin (D:1)
  2 jackals
  4 ball pythons
  2 bats
  3 frilled lizards (D:1)
  2 kobolds (D:1)
  6 rats (D:1)
25 creatures vanquished.

Notes
Turn   | Place    | Note
-------+----------+-------------------------------------------
     0 | D:1      | qw the Deep Elf Hunter began the quest for the Orb.
     0 | D:1      | Reached XP level 1. HP: 12/12 MP: 3/3
     0 | D:1      | 0 ||| qw: Version: 0.3-a-160-g6735b56
     0 | D:1      | 0 ||| qw: Game counter: 5325
     0 | D:1      | 0 ||| qw: Melee chars always use a shield: true
     0 | D:1      | 0 ||| qw: God list: Okawaru
     0 | D:1      | 0 ||| qw: Allow faded altars: false
     0 | D:1      | 0 ||| qw: Do Orc after clearing Dungeon:15 true
     0 | D:1      | 0 ||| qw: Do second Lair branch before Depths: true
     0 | D:1      | 0 ||| qw: Lair rune preference: random
     0 | D:1      | 0 ||| qw: Goals: Normal
     0 | D:1      | 0 ||| PLANNING D:1-11
   228 | D:1      | Reached skill level 6 in Ranged Weapons
   228 | D:1      | Reached XP level 2. HP: 16/16 MP: 4/4
   549 | D:1      | 549 ||| UPGRADING to +0 ring mail.
   559 | D:1      | 559 ||| DROPPING +0 leather armour.
   564 | D:1      | 564 ||| UPGRADING to ring of protection from fire.
   576 | D:1      | 576 ||| DROPPING ring of flight.
   577 | D:1      | 577 ||| READING scroll labelled WIFAKK COJAHUCK.
   578 | D:1      | 578 ||| READING scroll labelled XIASSU MOCZOCW.
   579 | D:1      | 579 ||| READING scroll labelled QAXKIA FUIXAIFF.
   681 | D:1      | 681 ||| READING scroll labelled KAUNOB CEOSHRI.
   702 | D:1      | 702 ||| READING scroll labelled FECUPO YNUC.
   702 | D:1      | 702 ||| IDENTIFYING bubbling pink potion
   703 | D:1      | 703 ||| DROPPING scroll of butterflies.
   730 | D:2      | 730 ||| STAIRDANCE
   735 | D:2      | 735 ||| STAIRDANCE
   754 | D:2      | HP: 3/16 [jackal (2)]
   754 | D:2      | HP: 1/16 [ball python (2)]
   759 | D:2      | Slain by a jackal

Levels and vault maps discovered:
D:1:      dpeg_arrival_brainrot, layout_rooms, serial_forest,
          infiniplex_forest_clump_long, infiniplex_forest_clump_medium,
          infiniplex_forest_straight_5, infiniplex_forest_lined_corner,
          infiniplex_forest_clump_cross
D:2:      layout_basic, basic_altar, serial_shops, shop, serial_bayou_pond_b

Skill      XL: |  1 |
---------------+----+-----
Ranged Weapons | 6 |  6.5
Fighting       | |  1.5
Dodging        | |  2.4
Stealth        | |  1.2

Action                     || total
---------------------------++-------
   Fire: Shortbow          ||    61
    Use: Scroll            ||     5
 Armour: Leather armour    ||     5
         Ring mail         ||    33
  Dodge: Dodged            ||    38

Table legend:
 A = Non-vault XP
 B = Vault XP
 C = Vault XP percentage of total XP
 D = Non-vault monster count
 E = Vault monster count
 F = Vault count percentage of total count
                 A         B        C        D         E       F
            +---------+---------+-------+---------+---------+-------
      Total |      33 |       2 |   5.7 |      24 |       1 |   4.0
            +---------+---------+-------+---------+---------+-------
        D:1 |      29 |       2 |   6.5 |      21 |       1 |   4.5
        D:2 |       4 |       0 |   0.0 |       3 |       0 |   0.0
            +---------+---------+-------+---------+---------+-------
